 Dungeon Crawl Stone Soup version 0.20.1-1-g8b1a95d (webtiles) character file.

3487 jmlagarto the Covert (level 9, -6/46 HPs)
             Began as a Spriggan Assassin on Aug 19, 2017.
             Was a Believer of Qazlal.
             Hit by a large rock thrown by a cyclops (46 damage)
             ... on level 8 of the Dungeon.
             The game lasted 01:04:00 (11101 turns).

jmlagarto the Covert (Spriggan Assassin)           Turns: 11101, Time: 01:04:00

Health: -6/46      AC:  8    Str:  7    XL:     9   Next: 80%
Magic:  10/10      EV: 25    Int: 12    God:    Qazlal [**....]
Gold:   353        SH:  2    Dex: 23    Spells: 7/8 levels left

rFire    . . .     SeeInvis +   n - +2 dagger (venom)
rCold    . . .     Gourm    .   (shield restricted)
rNeg     . . .     Faith    .   c - +0 robe
rPois    .         Spirit   .   r - +1 hat
rElec    .         Reflect  .   d - +1 cloak
rCorr    .         Harm     .   (gloves unavailable)
MR       +....                  (boots unavailable)
Stlth    +++++.....             (no amulet)
Regen    0.2/turn               Q - +2 ring of dexterity
MPRegen  0.2/turn               q - +3 ring of protection

@: very quick
A: unfitting armour, see invisible, herbivore 3, speed 3, slow metabolism 2
a: Upheaval, Renounce Religion


You were on level 8 of the Dungeon.
You worshipped Qazlal.
Qazlal was pleased with you.
You were not hungry.

You visited 1 branch of the dungeon, and saw 8 of its levels.

You collected 353 gold pieces.

Inventory:

Hand Weapons
 b - a +0 blowgun
 g - a +4 short sword
 j - a +3 flail
 n - a +2 dagger of venom (weapon)
 F - a +3 shortbow
 H - a cursed +3 mace of freezing
 I - a +1 dagger of electrocution
 V - a +0 shortbow
 W - a +0 shortbow
Missiles
 e - 33 poisoned needles
 f - 2 curare-tipped needles
 p - 147 stones (quivered)
 G - 94 arrows
Armour
 c - a +0 robe (worn)
 d - a +1 cloak (worn)
 r - a +1 hat (worn)
Jewellery
 k - an uncursed ring of wizardry
 q - a +3 ring of protection (right hand)
 Q - a +2 ring of dexterity (left hand)
Wands
 a - a wand of digging (7/24)
 i - a wand of polymorph (1/24)
 z - a wand of lightning (0/15)
 A - a wand of lightning (0/15)
 O - a wand of digging (13/24)
 Y - a wand of flame (11/48)
Scrolls
 l - a scroll of magic mapping
 o - a scroll of remove curse
 w - 2 scrolls of amnesia
 K - 5 scrolls of immolation
 N - a scroll of fog
Potions
 s - a potion of magic {unknown}
 t - a potion of might {unknown}
 u - 2 potions of flight {unknown}
 v - 2 potions of haste {unknown}
 x - a potion of degeneration {unknown}
 B - a potion of brilliance {unknown}
 D - a potion of agility {unknown}
 L - 3 potions of invisibility
 M - a potion of mutation {unknown}
Books
 C - a Young Poisoner's Handbook

   Spells                             Type                      Level
   a - Sting                          Conjuration/Poison           1
   b - Poisonous Vapours              Poison/Air                   2
   c - Mephitic Cloud                 Conjuration/Poison/Air       3
   d - Olgreb's Toxic Radiance        Poison                       4
   e - Venom Bolt                     Conjuration/Poison           5
 J - a book of Changes

   Spells                             Type                      Level
   a - Beastly Appendage              Transmutation                1
   b - Sticks to Snakes               Transmutation                2
   c - Spider Form                    Transmutation/Poison         3
   d - Ice Form                       Ice/Transmutation            4
   e - Blade Hands                    Transmutation                5
 P - a book of Flames

   Spells                             Type                      Level
   a - Flame Tongue                   Conjuration/Fire             1
   b - Throw Flame                    Conjuration/Fire             2
   c - Conjure Flame                  Conjuration/Fire             3
   d - Inner Flame                    Hexes/Fire                   3
   e - Sticky Flame                   Conjuration/Fire             4
   f - Fireball                       Conjuration/Fire             5
Comestibles
 h - 6 fruits
 m - a royal jelly
 E - 2 bread rations


   Skills:
 + Level 4.9 Fighting
 + Level 7.3 Short Blades
 + Level 6.0 Throwing
 + Level 7.9 Dodging
 + Level 11.8 Stealth
 + Level 3.4 Poison Magic
 - Level 0.6 Evocations


You had 7 spell levels left.
You knew the following spells:

 Your Spells              Type           Power        Failure   Level  Hunger
a - Sting                 Conj/Pois      #...         17%         1    ##.....


Dungeon Overview and Level Annotations

Branches:
Dungeon (8/15)             Temple (0/1) D:6            Lair (0/6) D:8

Altars:
Cheibriados
Gozag
Kikubaaqudgha
Qazlal
Sif Muna
Uskayaw
Xom

Shops:
D:6 :


Innate Abilities, Weirdness & Mutations

You are very small and have problems with some larger weapons.
You are too small for most types of armour.
You have supernaturally acute eyesight. (SInv)
You are a herbivore.
You cover ground extremely quickly.
You need consume almost no food.


Message History

You hit the howler monkey.
The howler monkey looks as sick as possible!
The howler monkey is heavily wounded.
The howler monkey closely misses you.
You hit the howler monkey.
The howler monkey is heavily wounded.
The howler monkey completely misses you.
The howler monkey misses you.
You hit the howler monkey.
The howler monkey looks as sick as possible!
The howler monkey is almost dead.
You kill the howler monkey!
Qazlal accepts your kill.
You kill the howler monkey!
Qazlal accepts your kill.
You see here a howler monkey corpse.
You see here a robe.
The cyclops throws a large rock.
The large rock hits you!!!
Ouch! That really hurt!
You die...

###.##.........####)#.#..##
.##.##.......#.)..[.......#
.##.##.......##....###....#
.##.##.......##.#...≈...#.#
.##.############.†#...#..##
≈.#....# #.##PP.##.#
.......# #.[§..P...#
≈......### #≈.PP>P..≈#
JJ.......# #@.....P..#
≈........# ####.##..P##.#
.#.......# #..#..#...#..##
##JJ.....# #...#...≈...#.#
l.)......# #......###....#
so###....# #.............#
.o#**#####**#........>#####
..C...,,,,,,#C....#####
..o...,....oK.#####


You could see a cyclops.

Vanquished Creatures
  Maurice (D:8)
  Prince Ribbit (D:5)
  A hornet (D:8)
  Sigmund (D:3)
  Eustachio (D:6)
  Duvessa (D:6)
  A swamp drake (D:7)
  A sky beast (D:6)
  A phantom (D:8)
  A necrophage (D:5)
  4 centaurs
  An ogre (D:6)
  2 bullfrogs
  Dowan (D:6)
  A scorpion (D:5)
  4 wights (D:8)
  3 howler monkeys (D:8)
  A centaur zombie (D:7)
  2 crimson imps
  A bullfrog zombie (D:7)
  2 hounds
  A quasit (D:7)
  Crazy Yiuf (D:3)
  2 bullfrog skeletons
  7 orc wizards
  2 iguanas
  7 worker ants
  A killer bee zombie (D:6)
  A hound zombie (D:7)
  2 hound skeletons
  2 worker ant zombies
  Robin (D:2)
  12 adders
  A howler monkey skeleton (D:8)
  A shadow imp (D:8)
  4 oozes
  2 adder skeletons
  2 adder zombies
  3 worms
  4 dart slugs
  5 leopard geckos
  16 orcs
  12 giant cockroaches
  18 goblins
  8 hobgoblins
  7 jackals
  7 kobolds
  2 quokkas
  3 ball pythons
  10 bats
  5 frilled lizards
  A jackal skeleton (D:7)
  A quokka skeleton (D:7)
  9 rats
  A butterfly (D:6)
193 creatures vanquished.

Vanquished Creatures (others)
  3 fungi (D:8)
3 creatures vanquished.

Grand Total: 196 creatures vanquished

Notes
Turn   | Place    | Note
-------+----------+-------------------------------------------
     0 | D:1      | jmlagarto the Spriggan Assassin began the quest for the Orb.
     0 | D:1      | Reached XP level 1. HP: 10/10 MP: 2/2
   140 | D:1      | Reached skill level 6 in Stealth
   201 | D:1      | Reached XP level 2. HP: 15/15 MP: 3/3
   618 | D:1      | Reached XP level 3. HP: 18/18 MP: 4/4
   629 | D:1      | Reached skill level 7 in Stealth
   716 | D:2      | Found a deep blue altar of Sif Muna.
   716 | D:2      | Found an opulent altar of Gozag.
  1037 | D:2      | Noticed Robin
  1390 | D:2      | Reached XP level 4. HP: 5/23 MP: 5/5
  1933 | D:2      | Killed Robin
  2638 | D:2      | Reached XP level 5. HP: 15/26 MP: 6/6
  2824 | D:2      | Found an ancient bone altar of Kikubaaqudgha.
  3666 | D:3      | Noticed Sigmund
  3785 | D:3      | Killed Sigmund
  3785 | D:3      | Reached skill level 8 in Stealth
  3785 | D:3      | Reached XP level 6. HP: 21/32 MP: 7/7
  3908 | D:3      | Found a snail-covered altar of Cheibriados.
  3979 | D:3      | Found a runed door.
  4172 | D:3      | Noticed Crazy Yiuf
  4196 | D:3      | Killed Crazy Yiuf
  5328 | D:4      | Found a stormy altar of Qazlal.
  5347 | D:4      | Became a worshipper of Qazlal Stormbringer
  5491 | D:5      | Entered Level 5 of the Dungeon
  5515 | D:5      | Reached skill level 5 in Short Blades
  5515 | D:5      | Reached XP level 7. HP: 35/35 MP: 8/8
  5859 | D:5      | Reached skill level 9 in Stealth
  6074 | D:5      | Noticed Prince Ribbit
  6137 | D:5      | Killed Prince Ribbit
  6484 | D:5      | Reached skill level 10 in Stealth
  6788 | D:5      | Reached XP level 8. HP: 39/39 MP: 9/9
  7144 | D:6      | Reached skill level 5 in Dodging
  7170 | D:6      | Found a shimmering altar of Xom.
  7178 | D:6      | Learned a level 1 spell: Sting
  7273 | D:6      | Noticed an enchanted dagger
  7281 | D:6      | Found a hide-covered altar of Uskayaw.
  7295 | D:6      | Noticed Duvessa
  7303 | D:6      | Reached * piety under Qazlal
  7324 | D:6      | Noticed Dowan
  7593 | D:6      | Noticed Eustachio
  7696 | D:6      | Killed Duvessa
  7696 | D:6      | Reached skill level 1 in Poison Magic
  7718 | D:6      | Killed Dowan
  7747 | D:6      | Found Plog's Book Boutique.
  8174 | D:6      | Killed Eustachio
  8174 | D:6      | Reached skill level 5 in Throwing
  8174 | D:6      | Reached XP level 9. HP: 29/44 MP: 10/10
  8454 | D:6      | Noticed a dagger
  8550 | D:6      | Found a staircase to the Ecumenical Temple.
  9267 | D:7      | Reached skill level 11 in Stealth
  9826 | D:8      | Reached ** piety under Qazlal
  9840 | D:8      | Found a staircase to the Lair.
 10321 | D:8      | Noticed Maurice
 10566 | D:8      | Paralysed by a hornet for 2 turns
 10646 | D:8      | Killed Maurice
 11040 | D:8      | Noticed a cyclops
 11101 | D:8      | Hit by a large rock thrown by a cyclops

Skill      XL: |  1  2  3  4  5  6  7  8  9 |
---------------+----------------------------+-----
Stealth        | 6 7 8 10 11 | 11.8
Short Blades   | 3 4 5 6 7 |  7.3
Dodging        | 2 3 4 6 7 |  7.9
Fighting       | 2 3 4 |  4.9
Throwing       | 3 4 5 6 |  6.0
Poison Magic   | 2 3 |  3.4
Evocations     | |  0.6

Action                   |  1- 3 |  4- 6 |  7- 9 || total
-------------------------+-------+-------+-------++-------
Melee: Dagger            |   126 |   168 |   657 ||   951
       Blowgun           |       |     7 |       ||     7
 Fire: Blowgun           |       |    28 |    49 ||    77
 Cast: Sting             |       |       |     7 ||     7
Invok: Upheaval          |       |       |     1 ||     1
Evoke: Wand              |       |       |    14 ||    14
  Use: Scroll            |       |     9 |    16 ||    25
       Potion            |       |       |     3 ||     3
 Stab: Sleeping          |    11 |    12 |     4 ||    27
       Distracted        |       |     1 |       ||     1
  Eat: Bread ration      |       |     1 |     1 ||     2
Armor: Robe              |    23 |    16 |    68 ||   107
Dodge: Dodged            |    86 |   117 |   514 ||   717
Block: Other             |       |       |    22 ||    22
